Map: Terrasses de Prion

Players

Worming

  • Race: Zerg Zerg
  • League: Diamond

Senryakku - Winner!

  • Race: Terran Terran
  • League: Diamond

VOD

Have the link to the VOD?

Description

Time

  • Played on: Dec. 21, 2015, 11:20 a.m.
  • Length: 13:02
Show
View Real Time Build Order
Export as new Build Order

Worming Zerg 

Build Orders: Hatch First 

Get SALT Encoding   

  12  0:01  Drone  
  13  0:12  Overlord  
  13  0:18  Drone  
  14  0:30  Drone x2  
  14  0:34  Drone  
  17  0:51  Hatchery  
  17  0:55  Drone  
  17  1:09  Spawning Pool  
  17  1:11  Drone  
  17  1:15  Drone  
  18  1:19  Drone  
  19  1:31  Drone, Extractor  
  19  1:42  Overlord  
  19  1:50  Drone  
  20  1:56  Queen  
  20  2:01  Zergling x2  
  23  2:03  Queen, Drone  
  26  2:12  Drone  
  26  2:15  Drone  
  28  2:25  Drone x2  
  30  2:32  Overlord  
  30  2:39  Queen, Metabolic Boost  
  30  2:42  Drone  
  33  2:49  Drone  
  34  2:56  Drone x2  
  35  3:03  Zergling x2  
  36  3:18  Zergling x4  
  36  3:19  Zergling x2  
  39  3:28  Overlord  
  39  3:29  Overlord  
  39  3:44  Overlord  
  39  3:45  Overlord, Roach Warren  
  39  3:46  Queen x2  
  42  3:50  Hatchery  
  41  4:03  Drone x3  
  41  4:04  Drone x5  
  49  4:11  Overlord  
  48  4:21  Overlord x2  
  48  4:24  Extractor  
  48  4:30  Extractor  
  46  4:31  Lair  
  46  4:33  Drone  
  46  4:34  Drone, Evolution Chamber  
  46  4:35  Drone, Evolution Chamber  
  46  4:36  Drone, Extractor  
  46  4:37  Drone  
  48  4:39  Drone  
  48  4:43  Roach  
  49  4:46  Roach  
  51  5:00  Roach x3  
  51  5:01  Roach  
  59  5:08  Drone x3  
  59  5:09  Drone x2  
  64  5:17  Drone  
  64  5:19  Zergling x2  
  66  5:22  Zerg Missile Weapons Level 1  
  66  5:25  Zerg Ground Armor Level 1  
  66  5:35  Roach x3  
  72  5:37  Glial Reconstitution  
  72  5:53  Drone x9  
  81  6:00  Extractor  
  81  6:03  Overlord  
  80  6:15  Queen x2  
  80  6:17  Spore Crawler  
  82  6:18  Spore Crawler  
  82  6:20  Spore Crawler  
  82  6:22  Spore Crawler, Overseer  
  82  6:24  Overseer  
  82  6:25  Overseer  
  79  6:38  Overseer  
  74  6:58  Queen  
  74  6:59  Queen  
  74  7:04  Queen  
  74  7:08  Ravager x9  
  79  7:21  Zergling x18  
  79  7:22  Zerg Missile Weapons Level 2, Zergling x2  
  87  7:26  Drone x5  
  87  7:27  Drone x2  
  93  7:34  Queen x2  
  83  7:53  Queen  
  80  8:10  Queen  
  76  8:18  Drone x3  
  76  8:19  Drone  
  78  8:22  Extractor  
  78  8:27  Drone x9  
  81  8:29  Extractor  
  83  8:37  Hydralisk Den  
  83  8:40  Spore Crawler  
  81  8:42  Zergling x2  
  81  8:47  Drone x3  
  85  8:51  Drone x3  
  85  8:55  Overlord x3  
  88  8:58  Zerg Ground Armor Level 2  
  88  9:04  Extractor  
  88  9:06  Drone x2  
  88  9:07  Drone, Zergling x2  
  88  9:08  Zergling x18  
  88  9:09  Muscular Augments  
  100  9:15  Hatchery  
  100  9:16  Burrow  
  98  9:38  Hydralisk x4  
  98  9:39  Hydralisk  
  98  9:40  Zergling x12  
  113  9:56  Hydralisk x3  
  113  9:57  Zergling x12  
  83  10:18  Overseer  
  54  10:44  Zergling x18  
  59  10:50  Queen  
  59  10:51  Queen  
  59  10:52  Hydralisk  
  59  10:53  Hydralisk x3  
  59  10:56  Hydralisk x4  
  73  10:58  Spine Crawler  
  73  10:59  Spore Crawler  
  71  11:14  Roach x5  
  74  11:23  Hatchery  
  61  11:26  Queen  
  61  11:28  Hydralisk  
  61  11:29  Roach  
  59  11:35  Hydralisk x2  
  59  11:38  Ravager x2  
  65  11:43  Hydralisk x2  
  69  11:47  Drone  
  70  11:54  Hydralisk x2  
  72  12:04  Hydralisk x4  
  76  12:10  Hatchery  
  72  12:25  Hydralisk  
  72  12:26  Zergling x2, Hydralisk x2  
  72  12:27  Zergling x4  
  51  12:56  Spire  
Show
View Real Time Build Order
Export as new Build Order

Senryakku Terran - Winner!

Build Orders: Hellion Banshee 

Get SALT Encoding   

  12  0:00  SCV  
  13  0:13  SCV  
  14  0:17  Supply Depot  
  14  0:25  SCV  
  15  0:39  SCV  
  15  0:42  Barracks  
  16  0:51  SCV  
  17  1:03  SCV  
  18  1:15  SCV  
  19  1:29  Command Center, Marine  
  20  1:33  Orbital Command  
  20  1:47  Marine  
  20  1:50  Refinery  
  20  1:51  Refinery  
  20  1:54  Supply Depot  
  21  2:03  SCV  
  21  2:06  Marine  
  23  2:23  SCV  
  24  2:35  Factory  
  24  2:37  SCV  
  24  2:41  Bunker  
  24  2:42  Orbital Command  
  25  2:44  Barracks Reactor  
  25  2:57  SCV  
  26  3:09  SCV  
  26  3:11  SCV  
  28  3:15  Supply Depot  
  28  3:21  SCV  
  29  3:32  Starport  
  29  3:33  Starport, SCV  
  30  3:38  SCV  
  30  3:39  Supply Depot  
  30  3:40  Hellion  
  30  3:41  Hellion  
  35  3:46  SCV  
  36  3:50  Refinery  
  36  3:55  Barracks Tech Lab, SCV  
  37  3:58  SCV  
  38  4:07  SCV  
  38  4:09  Hellion x2, Starport Tech Lab  
  43  4:10  Starport Tech Lab, SCV  
  44  4:22  SCV x2  
  46  4:32  Cloaking Field, Banshee x2  
  46  4:34  Hellion x2  
  56  4:39  SCV x2  
  58  4:51  Armory, SCV x2  
  60  4:56  Hellion  
  60  4:59  Supply Depot  
  62  5:01  Supply Depot  
  62  5:18  Refinery  
  62  5:21  Hellion, Banshee, SCV x2  
  69  5:23  Banshee, Supply Depot  
  72  5:36  SCV  
  72  5:37  SCV  
  74  5:49  SCV x2  
  76  5:50  Terran Vehicle And Ship Armor Level 1  
  76  5:53  Hellbat x2  
  76  5:55  Supply Depot  
  80  6:03  Command Center  
  80  6:16  Hellbat  
  80  6:18  Hellbat  
  84  6:19  Banshee  
  84  6:20  Banshee  
  90  6:29  SCV  
  90  6:30  SCV  
  90  6:32  Supply Depot  
  92  6:37  Factory  
  92  6:43  Hellbat  
  94  6:54  Hellbat  
  93  7:05  Banshee x2  
  99  7:14  SCV x2  
  101  7:16  Orbital Command, Hellbat x2  
  101  7:19  Supply Depot  
  101  8:01  Orbital Command  
  91  8:08  Cyclone, Banshee x2, Hellbat x2  
  91  8:10  Barracks Reactor  
  102  8:14  Starport  
  98  8:30  SCV x3  
  101  8:35  Command Center x2  
  101  8:36  Hellbat x2  
  101  8:37  Factory  
  101  8:40  Cyclone  
  101  8:41  Terran Vehicle And Ship Armor Level 2  
  108  8:42  SCV x2  
  108  8:44  Infernal Pre-Igniter, Supply Depot  
  110  8:49  Liberator  
  110  8:50  Liberator  
  110  8:55  Barracks Tech Lab, SCV  
  111  8:56  Refinery, SCV x2  
  113  9:05  Refinery, Hellbat x2  
  113  9:07  SCV  
  113  9:08  SCV x2  
  126  9:11  Supply Depot  
  126  9:20  SCV x3  
  129  9:26  Cyclone  
  132  9:32  Hellbat, SCV  
  132  9:33  Hellbat  
  132  9:34  Supply Depot  
  131  10:02  Mag-Field Accelerator  
  102  10:16  Hellbat  
  102  10:17  Cyclone x2, Hellbat  
  112  10:29  Liberator x2  
  109  10:38  Hellbat x2  
  107  10:46  Banshee x2  
  107  10:49  Hellbat x2  
  115  11:01  Hellbat x2  
  119  11:10  Cyclone  
  119  11:11  Hellbat  
  124  11:16  Liberator x2  
  122  11:22  Hellbat  
  121  11:32  Cyclone, Banshee x2, Hellbat  
  138  11:51  Supply Depot  
  138  11:52  Supply Depot  
  138  11:55  Hellbat  
  138  11:56  Refinery, Cyclone, Hellbat  
  138  11:57  Refinery  
  138  12:00  Refinery  
  132  12:04  Cyclone  
  131  12:17  Engineering Bay  
  123  12:32  Hellbat x2  
Tags
 
Add a new tag
Caveats
  • Supply blocks, unpowered buildings, or Contaminate may cause inaccurate times.
  • Supply counts are checked every 10 seconds.